 Dungeon Crawl Stone Soup version 0.19.1-1-g22dce08 (webtiles) character file.

9775 galech the Grappler (level 11, -11/101 HPs)
             Began as a Troll Monk on Jan 17, 2017.
             Was a High Priest of Okawaru.
             Hit by a javelin thrown by Urug (18 damage)
             ... on level 10 of the Dungeon.
             The game lasted 00:24:23 (9096 turns).

galech the Grappler (Troll Monk)                    Turns: 9096, Time: 00:24:24

Health: -11/101    AC: 13    Str: 21    XL:     11   Next: 27%
Magic:  10/10      EV: 12    Int:  6    God:    Okawaru [*****.]
Gold:   422        SH: 11    Dex: 15    Spells: 0 memorised, 10 levels left

rFire  + . .     SeeInvis .       - Unarmed
rCold  + . .     Gourm    +     p - +2 robe {rC+}
rNeg   . . .     Faith    .     D - +2 shield {AC+3}
rPois  .         Spirit   .     (helmet restricted)
rElec  .         Reflect  .     E - +2 cloak {MR+}
rCorr  .         Harm     .     (gloves unavailable)
MR     +....                    (boots unavailable)
Stlth  +++.......               (no amulet)
                                I - ring of flight
                                B - ring of protection from fire

@: no status effects
A: unfitting armour, claws 3, fast metabolism 3, gourmand, regeneration 1,
shaggy fur 1, tough skin 2
a: Heroism, Finesse, Renounce Religion, Evoke Flight


You were on level 10 of the Dungeon.
You worshipped Okawaru.
Okawaru was extremely pleased with you.
You were completely stuffed.

You visited 1 branch of the dungeon, and saw 10 of its levels.

You collected 422 gold pieces.

Inventory:

Armour
 p - a +2 robe of cold resistance (worn)
 D - a +2 shield of protection (worn)
 E - a +2 cloak of magic resistance (worn)
Jewellery
 B - a ring of protection from fire (left claw)
 I - a ring of flight (right claw)
Wands
 a - a wand of flame (36/48)
 y - a wand of flame (17/48)
 z - a wand of disintegration (10/24)
 G - a wand of acid (12/15)
 J - a wand of confusion (30/48)
Scrolls
 d - 4 scrolls of recharging
 e - 3 scrolls of remove curse
 h - 2 scrolls of enchant armour
 i - a scroll of immolation
 j - 4 scrolls of teleportation
 k - a scroll of fog
 s - 3 scrolls of amnesia
 t - 2 scrolls of blinking {unknown}
 v - 4 scrolls of random uselessness
 C - 6 scrolls of identify
 H - a scroll of magic mapping {unknown}
 L - a scroll of holy word {unknown}
Potions
 c - 3 potions of brilliance
 l - 2 potions of haste
 m - 2 potions of invisibility {unknown}
 n - 5 potions of curing {unknown}
 o - a potion of lignification {unknown}
 r - a potion of cancellation {unknown}
 w - 2 potions of heal wounds {unknown}
 x - a potion of might {unknown}
 A - a potion of degeneration {unknown}
 F - a potion of resistance {unknown}
Books
 q - a book of Minor Magic

   Spells                             Type                      Level
   a - Magic Dart                     Conjuration                  1
   b - Blink                          Translocation                2
   c - Call Imp                       Summoning                    2
   d - Repel Missiles                 Charms/Air                   2
   e - Slow                           Hexes                        2
   f - Conjure Flame                  Conjuration/Fire             3
   g - Mephitic Cloud                 Conjuration/Poison/Air       3
 u - a book of Necromancy

   Spells                             Type                      Level
   a - Pain                           Necromancy                   1
   b - Animate Skeleton               Necromancy                   1
   c - Vampiric Draining              Necromancy                   3
   d - Regeneration                   Charms/Necromancy            3
   e - Animate Dead                   Necromancy                   4
   f - Control Undead                 Necromancy                   4
Comestibles
 b - 13 bread rations
 f - 4 beef jerkies
 g - 7 meat rations
 K - a chunk of flesh


   Skills:
 + Level 4.4 Fighting
 + Level 7.0 Dodging
 + Level 4.5 Stealth
 + Level 2.9 Shields
 + Level 13.0 Unarmed Combat
 + Level 0.8 Invocations


You had 10 spell levels left.
You didn't know any spells.

Dungeon Overview and Level Annotations

Branches:
Dungeon (10/15)            Temple (0/1) D:6            Lair (0/6) D:9
    Orc: D:9-12

Altars:
Ashenzari
Elyvilon
Fedhas
Okawaru
Qazlal
Sif Muna
Uskayaw
Vehumet
Yredelemnul
Zin

Annotations:
D:10 Urug


Innate Abilities, Weirdness & Mutations

You are too large for most types of armour.
You have claws for hands.
Your metabolism is lightning-fast.
You like to eat raw meat.
Your natural rate of healing is unusually fast.
You are covered in fur. (AC +1)
You have very tough skin. (AC +2)


Message History

The big kobold is moderately wounded.
You claw the big kobold!
The big kobold is severely wounded.
The kobold barely misses you. You block the big kobold's attack.
Urug closely misses you.
There is an open door, spattered with blood here.
You see here a javelin.
You claw the big kobold!
You kill the big kobold!
Okawaru accepts your kill. The kobold hits you but does no damage.
Urug hits you with a long sword of protection!
* * * LOW HITPOINT WARNING * * *
Urug throws a javelin.
The javelin hits you!!
* * * LOW HITPOINT WARNING * * *
You see here a javelin.
Urug throws a javelin.
You block the javelin.
You see here a javelin.
Urug throws a javelin.
The javelin hits you!!
You die...

.....##...# .#.......#.
###.......# .##.......'
..+.......# ##.......#
8.8.8.....# ......†K.#
..........# #######o####
8.8.8.....# #.$....)...##
..........# #...........#
8.8.8.....# #..((...#####
..#.......# #8@8.8.8##
###.......#####...........
# ######+#.....8.8.8.8####
###
####.....#.......######
#.. ##.......#.......# #..
.......##+.......# #..
.....##..........# ###
...##.....######## #####
.##...##.##.....# #....


You could see Urug.

Vanquished Creatures
  Erica (D:8)
  The ghost of bear the Cleaver, a novice DsBe of Trog (D:7)
  A hill giant (D:10)
  2 ugly things
  An oklob plant (D:7)
  Maurice (D:8)
  4 trolls
  A hippogriff (D:8)
  A two-headed ogre (D:7)
  Sigmund (D:4)
  A spriggan (D:7)
  7 yaks
  A mottled dragon (D:10)
  4 ice beasts
  A black bear (D:8)
  2 orc warriors
  A phantom (D:5)
  4 ogres
  2 centaurs
  A big kobold (D:10)
  6 bullfrogs
  2 scorpions (D:9)
  4 killer bees
  2 howler monkeys (D:9)
  3 crimson imps (D:5)
  A centaur zombie (D:8)
  5 hounds
  8 jellies
  8 orc priests
  Crazy Yiuf (D:4)
  2 bullfrog skeletons
  4 centaur skeletons
  4 orc wizards
  4 iguanas
  Natasha (thrice) (D:4)
  7 worker ants
  A killer bee zombie (D:8)
  A hound zombie (D:9)
  A hound skeleton (D:8)
  A worker ant zombie (D:7)
  15 adders
  8 gnolls
  A shadow imp (D:6)
  17 oozes
  An adder zombie (D:5)
  4 worms
  3 dart slugs
  6 leopard geckos
  34 orcs
  12 bats
  3 giant cockroaches
  8 goblins
  5 hobgoblins
  6 jackals
  3 quokkas
  A ball python (D:2)
  5 frilled lizards
  3 jackal skeletons
  6 kobolds
  A quokka zombie (D:6)
  5 rats
  A plant (D:1)
254 creatures vanquished.

Vanquished Creatures (others)
  4 fungi (D:7)
4 creatures vanquished.

Grand Total: 258 creatures vanquished

Notes
Turn   | Place    | Note
-------+----------+-------------------------------------------
     0 | D:1      | galech the Troll Monk began the quest for the Orb.
     0 | D:1      | Reached XP level 1. HP: 22/22 MP: 0/0
   124 | D:1      | Reached XP level 2. HP: 29/29 MP: 1/1
   851 | D:2      | Found a stormy altar of Qazlal.
  1049 | D:2      | Found a white marble altar of Elyvilon.
  1085 | D:2      | Reached XP level 3. HP: 36/36 MP: 2/2
  1729 | D:3      | Found an iron altar of Okawaru.
  1733 | D:3      | Found a deep blue altar of Sif Muna.
  1742 | D:3      | Became a worshipper of Warmaster Okawaru
  1742 | D:3      | Reached * piety under Okawaru
  1742 | D:3      | Reached ** piety under Okawaru
  1835 | D:3      | Reached XP level 4. HP: 44/44 MP: 3/3
  1951 | D:3      | Reached skill level 4 in Unarmed Combat
  2160 | D:3      | Found a faded altar of an unknown god.
  2160 | D:3      | Found a hide-covered altar of Uskayaw.
  2170 | D:3      | Found a faded altar of an unknown god.
  2172 | D:3      | Found a faded altar of an unknown god.
  2174 | D:3      | Found a faded altar of an unknown god.
  2507 | D:4      | Noticed Sigmund
  2508 | D:4      | Noticed an ogre
  2547 | D:3      | Killed an ogre
  2547 | D:3      | Reached XP level 5. HP: 34/50 MP: 4/4
  2691 | D:4      | Killed Sigmund
  2691 | D:4      | Reached *** piety under Okawaru
  2691 | D:4      | Reached skill level 5 in Unarmed Combat
  2691 | D:4      | Reached XP level 6. HP: 48/59 MP: 5/5
  2786 | D:4      | Noticed Natasha
  2793 | D:4      | Killed Natasha
  2793 | D:4      | Reached skill level 6 in Unarmed Combat
  2882 | D:4      | Reached XP level 7. HP: 66/66 MP: 6/6
  2913 | D:4      | Found a shattered altar of Ashenzari.
  2960 | D:4      | Noticed Natasha
  2974 | D:4      | Killed Natasha
  3131 | D:4      | Noticed Natasha
  3144 | D:4      | Killed Natasha
  3367 | D:4      | Found a runed door.
  3371 | D:4      | Noticed Crazy Yiuf
  3376 | D:4      | Killed Crazy Yiuf
  3427 | D:5      | Entered Level 5 of the Dungeon
  3584 | D:5      | Reached skill level 7 in Unarmed Combat
  3681 | D:5      | Found a blossoming altar of Fedhas.
  3837 | D:5      | Reached **** piety under Okawaru
  3841 | D:5      | Reached XP level 8. HP: 61/75 MP: 7/7
  3973 | D:5      | Found a glowing silver altar of Zin.
  4433 | D:6      | Reached skill level 8 in Unarmed Combat
  4611 | D:6      | Found a staircase to the Ecumenical Temple.
  4950 | D:7      | Reached skill level 9 in Unarmed Combat
  4957 | D:7      | Noticed a two-headed ogre
  4964 | D:7      | Killed a two-headed ogre
  5096 | D:7      | Reached XP level 9. HP: 72/83 MP: 8/8
  5151 | D:7      | Noticed bear's ghost (novice DsBe)
  5166 | D:7      | Killed bear's ghost
  5166 | D:7      | Reached ***** piety under Okawaru
  5166 | D:7      | Reached skill level 5 in Dodging
  5419 | D:7      | Found a basalt altar of Yredelemnul.
  5430 | D:7      | Reached skill level 10 in Unarmed Combat
  5456 | D:7      | Noticed an oklob plant
  5779 | D:7      | Killed an oklob plant
  5977 | D:8      | Received a gift from Okawaru
  6145 | D:8      | Reached XP level 10. HP: 92/92 MP: 9/9
  6163 | D:8      | Reached skill level 11 in Unarmed Combat
  6217 | D:8      | Noticed a purple ugly thing
  6228 | D:8      | Killed a purple ugly thing
  6756 | D:8      | Noticed Maurice
  6778 | D:8      | Killed Maurice
  6907 | D:8      | Noticed Erica
  6919 | D:8      | Killed Erica
  7178 | D:9      | Found a staircase to the Lair.
  7234 | D:9      | Reached skill level 12 in Unarmed Combat
  7362 | D:9      | Reached skill level 1 in Shields
  7557 | D:9      | Found a radiant altar of Vehumet.
  7953 | D:10     | Entered Level 10 of the Dungeon
  8335 | D:10     | Noticed a brown ugly thing
  8335 | D:10     | Noticed a hill giant
  8356 | D:10     | Killed a hill giant
  8356 | D:10     | Reached XP level 11. HP: 53/100 MP: 2/10
  8361 | D:10     | Killed a brown ugly thing
  8371 | D:10     | Received a gift from Okawaru
  9056 | D:10     | Noticed Urug
  9086 | D:10     | Reached skill level 13 in Unarmed Combat
  9094 | D:10     | HP: 5/101 [Urug/javelin (19)]
  9096 | D:10     | Hit by a javelin thrown by Urug

Skill      XL: |  1  2  3  4  5  6  7  8  9 10 11 |
---------------+----------------------------------+-----
Dodging        | 3 4 6 7 |  7.0
Unarmed Combat | 4 5 6 7 9 10 12 13 | 13.0
Stealth        | 2 3 4 |  4.5
Fighting       | 3 4 |  4.4
Shields        | 2 |  2.9
Invocations    | |  0.8

Action                   |  1- 3 |  4- 6 |  7- 9 | 10-12 || total
-------------------------+-------+-------+-------+-------++-------
Melee: Unarmed           |   108 |    83 |   331 |   273 ||   795
       Punch             |       |     1 |    16 |       ||    17
Invok: Heroism           |       |       |     2 |     4 ||     6
       Finesse           |       |       |       |     1 ||     1
  Use: Scroll            |       |       |    10 |       ||    10
 Stab: Sleeping          |     7 |     5 |    12 |     7 ||    31
       Distracted        |       |       |     5 |       ||     5
  Eat: Chunk             |    22 |    10 |    25 |    32 ||    89
Armor: Robe              |    30 |    24 |    86 |    69 ||   209
Dodge: Dodged            |    44 |    38 |   233 |   109 ||   424
Block: Shield            |       |       |       |   115 ||   115
